 Dungeon Sprint DCSS version 0.29-a0-892-g2c4c91d9db (webtiles) character file.

Game seed: 2448314717943248762

64 ShadedKnight the Chiller (level 4, -14/24 HPs)
             Began as a Vine Stalker Ice Elementalist on July 23, 2022.
             Was an Initiate of Gozag.
             Shot with an arrow by a deep elf archer (20 damage)
             ... in the Dungeon (Sprint V: "Ziggurat Sprint").
             The game lasted 00:03:31 (132 turns).

ShadedKnight the Chiller (VSIE)                      Turns: 132, Time: 00:03:32

Health: -14/24     AC:  6    Str: 16    XL:     4   Next: 12%
Magic:  0/12       EV: 13    Int: 29    God:    Gozag
Gold:   99         SH:  0    Dex: 15    Spells: 6/14 levels left

rFire   + . .      SeeInvis .   z - +8 lance "Wyrmbane" {slay drac, rPois rF+ rC+ AC+3}
rCold   . . .      Faith    .   (no shield)
rNeg    . . .      Spirit   +   j - +1 robe of Vlad {rC- Str+6}
rPois   +          Reflect  .   (no helmet)
rElec   .          Harm     .   (no cloak)
rCorr   .          Rampage  .   (no gloves)
Will    .....      NoTele   +   (no boots)
Stlth   ++........              (no amulet)
HPRegen 0.88/turn               v - +6 ring of intelligence
MPRegen 0.13/turn               w - +6 ring of intelligence

@: no status effects
A: fangs 2, regeneration 1, magic shield, antimagic bite, no potion heal 2
a: Renounce Religion, Potion Petition, Call Merchant, Bribe Branch


You were in the Dungeon.
You worshipped Gozag.
Gozag was noncommittal.
You visited 1 branch You collected 99 gold pieces.


Innate Abilities, Weirdness & Mutations

You have extremely sharp teeth.
Your natural rate of healing is unusually fast.
When hurt, damage is shared between your health and your magic reserves.
Your bite disrupts and absorbs the magic of your enemies.
Potions cannot restore your health.


   Skills:
 + Level 3.1 Fighting
 + Level 3.4 Dodging
 - Level 2.4 Stealth
 * Level 5.8 Spellcasting
 * Level 6.7 Ice Magic


You had 6 spell levels left.
You knew the following spells:

 Your Spells              Type           Power      Damage    Failure   Level
a - Freeze                Ice            100%       1d11      1%          1
b - Ozocubu's Armour      Ice            47%        N/A       1%          3
c - Hailstorm             Conj/Ice       28%        3d8       14%         4

Your spell library contained the following spells:

 Spells                   Type           Power      Damage    Failure   Level
 Frozen Ramparts          Ice            94%        1d11      1%          3

Inventory:

Hand Weapons
 z - the +8 lance "Wyrmbane" (weapon) {slay drac, rPois rF+ rC+ AC+3}
   (You found it in the Dungeon)

   It inflicts extra damage against dragons and draconians.
   AC:        It affects your AC (+3).
   rF:        It protects you from fire.
   rC:        It protects you from cold.
   rPois:     It protects you from poison.
Armour
 a - a +0 robe
 j - the +1 robe of Vlad (worn) {rC- Str+6}
   (You found it in the Dungeon)

   Str:       It affects your strength (+6).
   rC:        It makes you vulnerable to cold.
Jewellery
 v - a +6 ring of intelligence (left hand)
 w - a +6 ring of intelligence (right hand)
Wands
 p - a wand of mindburst (7)
 q - a wand of iceblast (5)
 r - a wand of quicksilver (7)
Scrolls
 f - 3 scrolls of blinking
 l - 4 scrolls of amnesia
 m - 7 scrolls of butterflies
 n - 5 scrolls of identify
 o - 2 scrolls of fear
Potions
 b - 8 potions of magic
 c - 10 potions of curing
 d - 6 potions of haste
 e - 3 potions of berserk rage
 g - 2 potions of brilliance
 h - 2 potions of invisibility
 i - 4 potions of resistance
 k - 5 potions of might
Miscellaneous
 A - a lightning rod (4/4)

Dungeon Overview and Level Annotations

Branches:
Dungeon (1/1) Zot: 27000

Altars:
Ashenzari
Cheibriados
Dithmenos
Elyvilon
Fedhas
Gozag
Hepliaklqana
Kikubaaqudgha
Makhleb
Nemelex Xobeh
Okawaru
Qazlal
Ru
Sif Muna
Trog
Uskayaw
Vehumet
Wu Jian
Xom
Yredelemnul
Zin
The Shining One
Jiyva
Lugonu

Annotations:
D 1 transporter

▓▓▓▓▓▓▓▓▓▓▓▓▓
▓.8©8@▓.8©8.▓
▓.}}).▓.....▓
▓.....▓.=...▓
▓..e..▓.....▓
▓..E(.▓.....▓
▓.....▓..©..▓
▓..§..▓▓▓▓▓▓▓
▓▓▓▓▓▓▓


You could see a deep elf archer (repels missiles), an air elemental and a +0
mace of holy wrath.


Message History

The +0 mace of holy wrath is lightly damaged!
Aiming: Iceblast
Press: ? - help, Shift-Dir - straight line, f - deep elf archer
Aim: a deep elf archer, wielding a +0 short sword and wearing a +0 leather armour (lightly wounded, repelling missiles)
The mass of ice explodes!!!
The iceblast engulfs the +0 mace of holy wrath!!!
The +0 mace of holy wrath partially resists!
The +0 mace of holy wrath is heavily damaged!
The iceblast engulfs the air elemental!!!
The air elemental is almost destroyed!
The air elemental fires a burst of electricity at you!
The stunning burst hits you!!!
You suddenly lose the ability to move!!!
The +0 mace of holy wrath hits you!!!
You can move again!
Okay, then!
You need at least 400 gold to purchase potions right now!!!
Okay, then!
Blink to where?
Press: ? - help, Dir - move target, p - deep elf archer
As you read the scroll of blinking, it crumbles to dust!
The air elemental fires a burst of electricity at you!
The stunning burst hits you!!!
You shrug off the repeated paralysis!!! * * * don't die
* * * The deep elf archer unwields a +0 short sword!
The deep elf archer wields a +0 longbow!
The deep elf archer shoots an arrow!
The arrow hits you!!!!!!
DANG rip Your body crumbles into a pile of gold!

Skill      XL: |  1  2 |
---------------+-------+-----
Fighting       | 2 3 |  3.1
Dodging        | 2 3 |  3.4
Spellcasting   | 4 5 |  5.8
Ice Magic      | 5 6 |  6.7
Stealth        | |  2.4

Action                   |  1- 3 |  4- 6 || total
-------------------------+-------+-------++-------
Evoke: Lightning rod     |     3 |       ||     3
       Wand              |       |     2 ||     2
  Use: Potion            |     1 |       ||     1
       Scroll            |       |     1 ||     1

Levels and vault maps discovered:
D:        sprint_v [room_start, room_1, room_2, room_3, room_4, room_5, room_6,
          room_7, room_8, room_9, room_10, room_11, room_12, room_13, room_14,
          room_15, room_16, room_17, room_18, room_19, room_20, room_21,
          room_22, room_23, room_24, room_25, room_26, room_27]

Notes
Turn   | Place    | Note
-------+----------+-------------------------------------------
     0 | D        | ShadedKnight the Vine Stalker Ice Elementalist began the
                  | quest for the Orb.
     0 | D        | Reached XP level 1. HP: 9/9 MP: 4/4
     0 | D        | Found a shimmering blue altar of Sif Muna.
     0 | D        | Found a sacrificial altar of Ru.
     0 | D        | Found a bloodstained altar of Trog.
     0 | D        | Found a stormy altar of Qazlal.
     0 | D        | Found an iron altar of Okawaru.
     0 | D        | Found a sparkling altar of Nemelex Xobeh.
     0 | D        | Found a blossoming altar of Fedhas.
     0 | D        | Found the +6 Majin-Bo {vamp, MP+6 Int+6}
     0 | D        | Found the +9 heavy crossbow "Sniper" {vorpal, Acc+∞ SInv}
     0 | D        | Found the +10 dark maul {vorpal}
     0 | D        | Found the +15 Maxwell's patent armour {-Cast -Tele rElec
                  | Will+ rCorr}
     0 | D        | Found the +18 shield of the Gong {rElec rN+ Will+ EV-5}
     0 | D        | Found the +14 obsidian axe {vorpal, Mesm Drain Fly SInv}
     0 | D        | Found the +7 great mace "Firestarter" {inner flame, rF++}
     0 | D        | Found the +6 shillelagh "Devastator" {shatter}
     0 | D        | Found the +11 plutonium sword {Contam Stlth-}
     0 | D        | Found the +8 lance "Wyrmbane" {slay drac, rPois rF+ rC+
                  | AC+3}
     0 | D        | Found the +9 sword of Zonguldrok {reap}
     0 | D        | Found the +13 scythe of Curses {drain, Drain}
     0 | D        | Found the +5 sword of Power {vorpal}
     0 | D        | Found the +7 mace of Variability {chain chaos}
     0 | D        | Found the +7 Singing Sword {vorpal, sonic wave}
     0 | D        | Found the +8 storm bow {elec, penet}
     2 | D        | Found a transporter.
     2 | D        | Found an ancient bone altar of Kikubaaqudgha.
     2 | D        | Found a viscous altar of Jiyva.
     2 | D        | Found a corrupted altar of Lugonu.
     2 | D        | Found a hazy altar of Hepliaklqana.
     2 | D        | Found a burning altar of Makhleb.
     2 | D        | Found an opulent altar of Gozag.
    50 | D        | Became a worshipper of Gozag Ym Sagoz the Greedy
    57 | D        | Reached skill level 5 in Ice Magic
    57 | D        | Reached XP level 2. HP: 16/16 MP: 4/8
    58 | D        | Entered arena 2.
    58 | D        | Noticed a necrophage
    58 | D        | Found a transporter.
    61 | D        | Killed a necrophage
    62 | D        | Reached skill level 5 in Spellcasting
    62 | D        | Reached skill level 6 in Ice Magic
    62 | D        | Reached XP level 3. HP: 20/20 MP: 4/11
    62 | D        | Gained mutation: Your natural rate of healing is unusually
                  | fast. [Vine Stalker growth]
    62 | D        | Reached XP level 4. HP: 24/24 MP: 4/12
    67 | D        | Got the +1 robe of Vlad {rC- Str+6}
   124 | D        | Learned a level 3 spell: Ozocubu's Armour
   129 | D        | Learned a level 4 spell: Hailstorm
   129 | D        | Entered arena 3.
   129 | D        | Noticed a deep elf archer
   129 | D        | Noticed an air elemental
   129 | D        | Noticed a +0 mace of holy wrath
   129 | D        | Found a transporter.
   131 | D        | Paralysed by an air elemental for 1 turns
   132 | D        | Shot with an arrow by a deep elf archer

Vanquished Creatures
  A necrophage (D)
  A bat skeleton (D)
2 creatures vanquished.

Table legend: (Time is in decaauts)
 A = Elapsed time spent in this place.
 B = Non-inter-level travel time spent in this place.
 C = Inter-level travel time spent in this place.
 D = Time resting spent in this place.
 E = Time spent auto-exploring this place.
 F = Levels seen in this place.
 G = Mean time per level.
                   A        B        C        D        E       F      G
               +--------+--------+--------+--------+--------+-----+--------+
         Total |    130 |    130 |      0 |     31 |      0 |   1 |  130.0 |
       Dungeon |    130 |    130 |      0 |     31 |      0 |   1 |  130.0 |
               +--------+--------+--------+--------+--------+-----+--------+

Top non-repeatable levels by time:
       D: 130 daAuts

Table legend:
 A = Non-vault XP
 B = Vault XP
 C = Vault XP percentage of total XP
 D = Non-vault monster count
 E = Vault monster count
 F = Vault count percentage of total count
                 A         B        C        D         E       F
            +---------+---------+-------+---------+---------+-------
      Total |       0 |      82 | 100.0 |       0 |       2 | 100.0
            +---------+---------+-------+---------+---------+-------
          D |       0 |      82 | 100.0 |       0 |       2 | 100.0
            +---------+---------+-------+---------+---------+-------
